Map: Site Delta LE

Players

Subwayeatn

  • Race: Terran Terran
  • League: Platinum
  • Spawn Location: 5:00

Kuro - Winner!

  • Race: Protoss Protoss
  • League: Platinum
  • Spawn Location: 11:00

VOD

Have the link to the VOD?

Description

Time

  • Played on: Nov. 9, 2023, 1:01 p.m.
  • Length: 18:40
Show
View Real Time Build Order
Export as new Build Order

Subwayeatn Terran 

Build Orders:  

Get SALT Encoding   

  12  0:00  SCV  
  13  0:12  SCV  
  14  0:18  Supply Depot  
  14  0:24  SCV  
  15  0:40  SCV  
  15  0:42  Barracks  
  16  0:51  Supply Depot  
  16  0:53  SCV  
  17  0:57  Refinery  
  17  1:05  SCV  
  18  1:17  SCV  
  19  1:29  Orbital Command  
  19  1:32  Marine  
  20  1:39  Barracks  
  20  1:46  Supply Depot  
  20  1:50  Reaper  
  21  2:12  Command Center  
  21  2:22  Reaper, SCV  
  23  2:30  Refinery  
  23  2:34  SCV  
  24  2:39  Barracks Tech Lab  
  24  2:46  SCV  
  25  2:59  SCV  
  25  3:00  Supply Depot  
  25  3:02  Barracks Reactor  
  26  3:06  Combat Shield  
  26  3:11  SCV  
  27  3:23  SCV  
  28  3:29  Refinery  
  28  3:30  Refinery  
  28  3:35  SCV  
  28  3:48  Marine x2  
  29  3:49  Marauder  
  29  3:52  SCV  
  32  4:04  SCV  
  32  4:07  Factory  
  33  4:11  Engineering Bay  
  33  4:16  SCV, Supply Depot  
  34  4:18  Orbital Command  
  34  4:21  Bunker  
  34  4:28  SCV  
  34  4:30  Stimpack  
  35  4:33  Marauder  
  35  4:34  Marine x2  
  39  4:40  Terran Infantry Weapons Level 1  
  39  4:44  SCV  
  40  4:48  SCV  
  40  4:51  Marine  
  40  4:52  Marine  
  43  4:54  Marauder  
  43  4:56  SCV  
  46  5:00  SCV  
  47  5:08  SCV  
  47  5:09  Missile Turret  
  47  5:12  SCV  
  49  5:20  SCV  
  50  5:24  SCV  
  51  5:30  Factory Tech Lab  
  51  5:31  Missile Turret  
  51  5:35  Armory  
  51  5:36  SCV  
  51  5:37  SCV  
  53  5:44  Starport  
  53  5:46  Marauder  
  53  5:47  Marine  
  53  5:48  SCV  
  53  5:49  SCV, Marine  
  59  5:58  Missile Turret  
  59  6:01  SCV x2  
  61  6:06  Marine  
  61  6:07  Marine x2  
  61  6:10  Concussive Shells  
  64  6:13  SCV  
  64  6:14  SCV  
  66  6:20  Missile Turret  
  66  6:24  Marine  
  66  6:25  Starport Tech Lab  
  67  6:35  Terran Infantry Armor Level 1  
  67  6:38  Supply Depot  
  67  6:39  Terran Vehicle Weapons Level 1  
  67  6:42  Missile Turret  
  66  6:47  SCV x2  
  68  6:57  Raven  
  68  6:59  Thor, SCV x2  
  68  7:01  Supply Depot  
  77  7:07  Missile Turret  
  77  7:21  SCV x2  
  71  7:33  SCV x2  
  71  7:35  Missile Turret  
  73  7:41  Missile Turret  
  73  7:42  Medivac  
  75  7:45  SCV  
  75  7:46  SCV  
  75  7:48  Command Center  
  77  7:52  Thor  
  77  7:58  SCV x2  
  85  7:59  Supply Depot  
  85  8:00  Supply Depot x2  
  85  8:06  Marine  
  86  8:21  Medivac, Marine x2, SCV x2  
  86  8:24  Marine  
  93  8:28  Terran Infantry Weapons Level 2, Missile Turret  
  93  8:30  Missile Turret  
  93  8:32  Missile Turret  
  93  8:33  SCV x2  
  95  8:35  Thor  
  95  8:39  Terran Vehicle Weapons Level 2, Marine x2  
  103  8:42  Marine  
  103  8:45  SCV  
  105  8:50  Missile Turret  
  105  8:51  Barracks, SCV, Medivac  
  108  8:57  SCV  
  108  9:02  Marine  
  110  9:03  SCV  
  110  9:05  Marauder  
  113  9:18  Thor  
  113  9:21  Medivac  
  121  9:31  Planetary Fortress, Refinery  
  121  9:32  Refinery  
  121  9:37  Missile Turret  
  121  9:39  Missile Turret  
  121  9:40  Barracks Reactor  
  121  9:41  Missile Turret  
  121  9:42  Barracks Tech Lab  
  121  9:43  Missile Turret  
  121  9:50  Marauder  
  121  9:51  Marine x2  
  125  9:57  Supply Depot  
  125  9:58  Supply Depot  
  125  10:01  Supply Depot  
  125  10:18  Marine x2  
  125  10:19  Thor, Marauder x2, SCV x2  
  139  10:22  Medivac  
  139  10:25  Supply Depot  
  139  10:31  SCV x2  
  114  10:36  Marine  
  114  10:40  Marauder  
  81  10:53  Viking  
  81  10:56  Marine x3  
  84  11:01  Marine  
  84  11:02  Thor  
  91  11:07  Terran Infantry Weapons Level 3  
  91  11:14  Marine x2  
  91  11:15  Marauder  
  95  11:20  Marauder  
  95  11:23  Viking  
  99  11:32  Marine  
  100  11:36  Marauder  
  102  11:41  Marauder  
  102  11:45  Thor  
  110  11:47  SCV x2  
  110  11:49  Command Center  
  110  11:53  Viking  
  114  11:54  Missile Turret  
  114  11:55  SCV  
  114  11:57  Marine  
  114  11:58  Marine x2  
  114  11:59  SCV x2  
  120  12:02  Marine  
  121  12:16  Marauder  
  121  12:20  Marauder  
  125  12:27  Thor  
  131  12:36  Barracks  
  131  12:38  Marauder  
  131  12:41  Viking x2  
  137  12:49  Marauder  
  137  12:50  Marine  
  140  12:53  Refinery  
  140  12:55  Refinery  
  140  12:58  Marine  
  140  13:01  Planetary Fortress  
  141  13:08  Marauder  
  141  13:10  Thor, Marine  
  141  13:11  Medivac x2  
  154  13:17  Marauder  
  156  13:28  Marine  
  156  13:29  Marine  
  158  13:38  Marine  
  158  13:41  Viking x2  
  161  13:43  Terran Infantry Armor Level 2  
  161  13:46  Command Center, Marauder  
  161  13:47  Marine  
  166  13:53  Thor  
  172  14:10  Refinery  
  172  14:14  Refinery  
  172  14:15  Supply Depot x2  
  172  14:30  Barracks Reactor  
  172  14:35  Terran Vehicle Weapons Level 3  
  172  14:36  Marauder x2, SCV x4  
  172  14:37  Supply Depot x2, Thor, Missile Turret, Marine  
  187  14:40  Missile Turret  
  187  14:48  SCV  
  188  14:57  Marauder  
  188  14:58  Viking x2, Marauder, Missile Turret, Marine  
  193  15:00  Supply Depot  
  193  15:02  Missile Turret  
  193  15:03  Supply Depot  
  154  15:16  Marine  
  154  15:18  Marine  
  154  15:19  Thor, Missile Turret  
  136  15:23  Supply Depot  
  118  15:33  Marine x2  
  118  15:34  Marauder x2  
  118  15:35  Viking x2  
  110  15:36  Marine  
  111  15:54  Marauder  
  111  15:55  Marauder x2  
  111  15:56  Marine x2  
  119  16:02  Thor  
  122  16:05  Viking x2  
  114  16:14  Marine x2  
  114  16:16  Marauder x2  
  114  16:17  Marauder  
  122  16:31  Command Center, Refinery  
  122  16:32  Marine x2  
  124  16:35  Viking x2, Refinery  
  124  16:36  SCV x3  
  124  16:37  Marauder, SCV  
  124  16:38  Marauder  
  124  16:39  Marauder  
  138  16:45  Thor  
  144  16:48  SCV x2  
  144  16:49  Marine  
  144  16:50  Marine  
  148  16:55  Barracks x2  
  148  16:57  Missile Turret  
  148  16:58  Marauder  
  148  16:59  Marauder  
  148  17:00  Missile Turret, Marauder  
  154  17:05  Viking x2  
  154  17:20  Marauder x2  
  154  17:21  Marauder  
  128  17:28  Thor  
  104  17:35  Viking  
  102  17:41  Marauder  
  102  17:42  Marauder  
  102  17:43  Marauder  
  95  17:45  Barracks  
  69  18:02  Marauder, Marine x2  
  69  18:03  Marauder, Marine x2  
  69  18:04  Marauder  
  70  18:08  Medivac x2  
  67  18:20  Marine x3  
  67  18:21  Marine  
Show
View Real Time Build Order
Export as new Build Order

Kuro Protoss - Winner!

Build Orders: 1 Gate Expand 

Get SALT Encoding   

  12  0:00  Probe  
  13  0:13  Probe  
  14  0:20  Pylon  
  14  0:25  Probe  
  15  0:38  Probe (Chrono Boost)  
  16  0:45  Gateway  
  16  0:48  Probe (Chrono Boost)  
  17  0:53  Probe (Chrono Boost)  
  18  0:59  Assimilator  
  18  1:05  Probe (Chrono Boost)  
  19  1:13  Probe (Chrono Boost)  
  20  1:18  Pylon  
  20  1:19  Probe  
  21  1:41  Nexus, Probe  
  22  1:52  Cybernetics Core  
  23  1:54  Probe  
  23  2:06  Probe  
  23  2:08  Gateway  
  24  2:13  Pylon  
  24  2:23  Pylon  
  24  2:25  Probe  
  25  2:36  Stargate  
  25  2:37  Probe  
  26  2:50  Probe (Chrono Boost)  
  27  2:54  Probe (Chrono Boost)  
  28  2:58  Warp Gate  
  28  3:02  Probe (Chrono Boost), Adept  
  28  3:04  Adept, Probe (Chrono Boost)  
  34  3:07  Probe (Chrono Boost)  
  34  3:08  Probe (Chrono Boost)  
  36  3:16  Probe  
  37  3:20  Probe  
  37  3:24  Gateway  
  37  3:26  Gateway  
  38  3:32  Shield Battery  
  35  3:45  Probe (Chrono Boost)  
  35  3:54  Probe (Chrono Boost)  
  36  3:57  Assimilator  
  36  3:59  Probe (Chrono Boost)  
  36  4:01  Pylon  
  37  4:05  Forge, Adept  
  37  4:06  Adept  
  41  4:13  Probe (Chrono Boost)  
  42  4:20  Probe (Chrono Boost)  
  44  4:29  Probe x2 (Chrono Boost)  
  45  4:32  Assimilator  
  45  4:33  Assimilator  
  45  4:34  Probe (Chrono Boost)  
  45  4:36  Probe  
  47  4:46  Probe  
  47  4:48  Oracle (Chrono Boost)  
  51  5:01  Pylon  
  51  5:02  Probe  
  52  5:14  Probe  
  52  5:15  Robotics Facility  
  52  5:17  Protoss Ground Weapons Level 1 (Chrono Boost)  
  52  5:20  Oracle  
  56  5:35  Photon Cannon  
  56  5:39  Pylon  
  56  5:59  Oracle (Chrono Boost)  
  59  6:22  Gateway  
  59  6:23  Gateway  
  59  6:29  Observer (Chrono Boost), Robotics Bay  
  46  7:34  Colossus (Chrono Boost)  
  46  7:41  Zealot x6  
  64  7:46  Nexus  
  64  7:48  Pylon  
  64  7:52  Protoss Shields Level 1 (Chrono Boost)  
  64  7:56  Gateway  
  64  7:58  Twilight Council  
  64  7:59  Gateway  
  64  8:01  Pylon  
  64  8:02  Stalker x2  
  64  8:03  Stalker x4, Pylon  
  76  8:05  Pylon  
  76  8:10  Gateway, Pylon  
  76  8:12  Gateway  
  76  8:18  Colossus (Chrono Boost)  
  82  8:27  Zealot x6  
  94  8:41  Gateway  
  94  8:42  Gateway x2  
  94  8:43  Extended Thermal Lance  
  94  8:46  Gateway  
  94  8:48  Stalker  
  94  8:49  Stalker x5  
  106  9:00  Colossus (Chrono Boost)  
  106  9:08  Probe x3  
  115  9:20  Probe x3  
  118  9:32  Probe x3  
  118  9:34  Gateway  
  118  9:35  Pylon  
  121  9:38  Observer, Pylon  
  121  9:42  Shield Battery  
  121  9:44  Probe x2  
  124  9:46  Stalker  
  124  9:47  Stalker x3  
  132  9:58  Pylon x2  
  132  10:00  Pylon  
  132  10:02  Pylon  
  132  10:04  Pylon  
  132  10:09  Sentry x4  
  132  10:10  Sentry  
  142  10:17  Observer (Chrono Boost)  
  101  10:47  Stalker x3  
  101  10:48  Stalker x5  
  111  10:52  Colossus (Chrono Boost)  
  111  10:54  Charge (Chrono Boost)  
  117  11:10  Protoss Ground Weapons Level 2 (Chrono Boost)  
  117  11:11  Zealot x2  
  121  11:12  Zealot  
  121  11:16  Nexus  
  123  11:30  Forge  
  123  11:48  Zealot x4  
  123  11:49  Zealot x5  
  123  11:50  Zealot  
  123  11:52  Sentry  
  145  12:03  Probe x2  
  145  12:04  Probe  
  145  12:06  Pylon  
  148  12:10  Pylon  
  148  12:15  Probe  
  148  12:16  Probe x2  
  148  12:18  Colossus (Chrono Boost)  
  157  12:25  Protoss Shields Level 2 (Chrono Boost), Pylon  
  157  12:35  Pylon  
  157  12:39  Templar Archives  
  157  12:57  Colossus (Chrono Boost)  
  157  12:58  Probe (Chrono Boost)  
  161  13:03  Assimilator, Probe x3 (Chrono Boost)  
  167  13:08  Gateway  
  167  13:11  Gateway, Shield Battery, Probe (Chrono Boost)  
  168  13:21  Pylon  
  168  13:25  Void Ray (Chrono Boost)  
  172  13:34  Psionic Storm  
  172  13:37  High Templar x2, Pylon  
  176  13:42  Observer (Chrono Boost)  
  176  13:43  Archon  
  176  13:46  High Templar  
  179  13:54  Assimilator  
  179  14:06  Assimilator  
  179  14:10  Assimilator  
  179  14:13  Sentry  
  179  14:14  High Templar  
  179  14:15  Pylon  
  183  14:18  Archon  
  183  14:20  Nexus  
  183  14:21  High Templar  
  183  14:23  Nexus  
  185  14:31  Protoss Ground Weapons Level 3 (Chrono Boost)  
  185  14:44  Zealot x5  
  185  14:45  Zealot x2, Protoss Ground Armor Level 1 (Chrono Boost)  
  199  14:53  Pylon  
  199  15:00  Pylon  
  116  15:29  Zealot x5  
  116  15:30  Zealot x6  
  132  15:39  Probe (Chrono Boost)  
  137  15:44  Probe (Chrono Boost)  
  137  15:45  Probe x3 (Chrono Boost)  
  137  15:50  Pylon  
  137  15:52  Probe x2 (Chrono Boost)  
  137  15:56  High Templar x4  
  137  15:57  High Templar x5  
  149  16:01  Archon x4  
  149  16:02  Archon  
  153  16:21  Colossus (Chrono Boost)  
  159  16:29  Assimilator  
  159  16:30  Probe  
  160  16:33  Assimilator, Pylon  
  160  16:37  Photon Cannon  
  160  16:41  Shield Battery  
  160  16:42  Probe  
  160  16:44  Pylon  
  160  16:45  Gateway  
  161  16:49  Stalker x7  
  161  16:50  Gateway x2, Stalker x6  
  187  16:56  Pylon  
  187  17:07  Sentry x2  
  191  17:08  Zealot x2  
  116  17:59  Zealot x5  
  116  18:00  Zealot  
  128  18:07  High Templar x6  
  128  18:11  Archon x3  
  140  18:14  Zealot x6  
  140  18:15  Zealot x2  
Tags
 
Add a new tag
Caveats
  • Supply blocks, unpowered buildings, or Contaminate may cause inaccurate times.
  • Supply counts are checked every 10 seconds.